 Dungeon Crawl Stone Soup version 0.21-a0-19-g210df22 (webtiles) character file.

708 Chaotic the Covered (level 7, -1/64 HPs)
             Began as a Minotaur Fighter on May 24, 2017.
             Was a Follower of Uskayaw.
             Splashed by Ijyb's acid (12 damage)
             ... on level 5 of the Dungeon.
             The game lasted 00:05:26 (3852 turns).

Chaotic the Covered (Minotaur Fighter)              Turns: 3852, Time: 00:05:27

Health: -1/64      AC:  5    Str: 25    XL:     7   Next: 40%
Magic:  6/6        EV:  7    Int:  5    God:    Uskayaw [*.....]
Gold:   282        SH:  9    Dex: 10    Spells: 6/6 levels left

rFire    . . .     SeeInvis +   a - +0 rapier
rCold    . . .     Gourm    .   c - +0 shield
rNeg     + . .     Faith    .   b - +0 scale mail
rPois    .         Spirit   .   (helmet restricted)
rElec    +         Reflect  .   z - +0 cloak
rCorr    .         Harm     .   (no gloves)
MR       .....                  (no boots)
Stlth    ..........             (no amulet)
Regen    0.2/turn               w - ring of Qazlal's Whim {rElec rN+ Slay+2 SInv}
MPRegen  0.1/turn               B - +3 ring of strength

@: corroded
A: retaliatory headbutt, horns 2
a: Stomp, Renounce Religion


You were on level 5 of the Dungeon.
You worshipped Uskayaw.
Uskayaw was noncommittal.
You were not hungry.

You visited 2 branches of the dungeon, and saw 6 of its levels.

You collected 282 gold pieces.

Inventory:

Hand Weapons
 a - a +0 rapier (weapon)
Armour
 b - a +0 scale mail (worn)
 c - a +0 shield (worn)
 z - a +0 cloak (worn)
Jewellery
 w - the ring of Qazlal's Whim (left hand) {rElec rN+ Slay+2 SInv}
   (You found it on level 5 of the Dungeon)

   [ring of slaying]

   It affects your accuracy and damage with ranged weapons and melee attacks
   (+2).
   It insulates you from electricity.
   It protects you from negative energy.
   It lets you see invisible.
 y - a +1 ring of protection
 B - a +3 ring of strength (right hand)
Scrolls
 e - a scroll of recharging {unknown}
 g - 3 scrolls of teleportation {unknown}
 h - a scroll of blinking {unknown}
 i - a scroll of enchant armour {unknown}
 j - 3 scrolls of immolation {unknown}
 k - 3 scrolls of amnesia
 m - a scroll of enchant weapon {unknown}
 p - 3 scrolls of magic mapping {unknown}
 r - a scroll of fog {unknown}
 v - a scroll of noise {unknown}
Potions
 d - 2 potions of might
 l - 4 potions of resistance
 n - 2 potions of agility
 o - a potion of cancellation {unknown}
 s - a potion of magic {unknown}
 u - 2 potions of curing
 x - a potion of heal wounds {unknown}
Comestibles
 f - 3 bread rations
 q - 3 royal jellies
 t - a meat ration


   Skills:
 + Level 6.6 Fighting
 + Level 5.5 Short Blades
 + Level 6.8 Armour
 - Level 3.6 Shields


You had 6 spell levels left.
You didn't know any spells.

Dungeon Overview and Level Annotations

Branches:
Dungeon (5/15)             Temple (1/1) D:4

Altars:
Ashenzari
Cheibriados
Elyvilon
Fedhas
Makhleb
Uskayaw
Xom

Annotations:
D:5 Ijyb


Innate Abilities, Weirdness & Mutations

You reflexively headbutt those who attack you in melee.
You have a pair of horns on your head.


Message History

Ijyb is nearby!
You closely miss Ijyb. Your headbutt misses Ijyb. Ijyb hits you.
You hit Ijyb.
Ijyb is moderately wounded.
Ijyb hits you but does no damage.
You puncture Ijyb!
Ijyb is heavily wounded.
Ijyb barely misses you.
You closely miss Ijyb.
Ijyb is heavily wounded.
Ijyb zaps a wand.
The bolt of acid hits you!
You are splashed with acid!
The acid burns!
* * * LOW HITPOINT WARNING * * *
You are too injured to fight recklessly!
You are too injured to fight recklessly!
You are too injured to fight recklessly!
Ijyb zaps a wand.
The bolt of acid hits you!
* * * LOW HITPOINT WARNING * * *
You are splashed with acid!
The acid burns!
You die...

..........#######.
######....# #.
#....# ## #....#
############....#
##
..........##....#
#.
..........##....#
#.
..........##....#
#.
......g@..##....#
#.
..........##....#
. #.
..............###
.. #.
............[.###
... #.
..........$.....+
....#.
.....<....###.###
..... ..........#
#.# #+####.
#####..#### #.#
#.# ##
#..######.####.# #


You could see Ijyb.

Vanquished Creatures
  A phantom (D:4)
  A sky beast (D:4)
  An ogre (D:4)
  3 orc priests
  A hound (D:4)
  2 orc wizards (D:4)
  3 worker ants (D:4)
  A worker ant zombie (D:5)
  8 adders
  A worm (D:2)
  3 dart slugs
  A leopard gecko (D:2)
  11 orcs
  A ball python (D:3)
  6 giant cockroaches
  7 goblins
  9 hobgoblins
  4 jackals (D:2)
  5 kobolds
  4 quokkas
  6 bats
  3 frilled lizards
  5 rats
87 creatures vanquished.

Vanquished Creatures (others)
  An orc wizard (D:4)
1 creature vanquished.

Grand Total: 88 creatures vanquished

Notes
Turn   | Place    | Note
-------+----------+-------------------------------------------
     0 | D:1      | Chaotic the Minotaur Fighter began the quest for the Orb.
     0 | D:1      | Reached XP level 1. HP: 19/19 MP: 0/0
   146 | D:1      | Found a shattered altar of Ashenzari.
   150 | D:1      | Reached XP level 2. HP: 27/27 MP: 1/1
  1021 | D:2      | You fall through a shaft for 2 floors!
  1028 | D:4      | Reached XP level 3. HP: 31/33 MP: 2/2
  1185 | D:3      | Reached XP level 4. HP: 32/41 MP: 3/3
  1834 | D:2      | Reached skill level 5 in Fighting
  2090 | D:2      | Found a burning altar of Makhleb.
  2103 | D:2      | Reached skill level 5 in Armour
  2390 | D:3      | Reached XP level 5. HP: 47/48 MP: 4/4
  2403 | D:3      | Found a snail-covered altar of Cheibriados.
  2652 | D:4      | Found a white marble altar of Elyvilon.
  2653 | D:4      | Noticed an ogre
  2656 | D:4      | Noticed a phantom
  2659 | D:4      | Killed an ogre
  2661 | D:4      | Reached XP level 6. HP: 55/56 MP: 5/5
  2768 | D:4      | Noticed a sky beast
  2778 | D:4      | Killed a sky beast
  2778 | D:4      | Reached skill level 5 in Short Blades
  2832 | D:4      | Reached XP level 7. HP: 59/63 MP: 6/6
  3001 | D:4      | Found a staircase to the Ecumenical Temple.
  3010 | Temple   | Entered the Ecumenical Temple
  3016 | Temple   | Became a worshipper of Uskayaw the Reveler
  3071 | D:4      | Reached * piety under Uskayaw
  3075 | D:4      | Reached ** piety under Uskayaw
  3079 | D:4      | Reached *** piety under Uskayaw
  3543 | D:5      | Entered Level 5 of the Dungeon
  3581 | D:5      | Got a serpentine amber ring
  3614 | D:5      | Found a white marble altar of Elyvilon.
  3661 | D:5      | Identified the ring of Qazlal's Whim {rElec rN+ Slay+2 SInv} (You found it on level 5 of the Dungeon)
  3756 | D:5      | Found a shimmering altar of Xom.
  3815 | D:5      | Found a blossoming altar of Fedhas.
  3844 | D:5      | Noticed Ijyb
  3852 | D:5      | Splashed by Ijyb's acid

Vault maps used:
D:1:      scummos_arrival_star, serial_park_tiny_pond, evilmike_ruin_ashenzari
D:2:      lightli_temple_of_fire, first_bread
D:3:      nicolae_overflow_hidden_temple, minivault_25
D:4:      cheibrodos_quashed, lemuel_temple_firewalk_a, minmay_statues_item,
          elyvilon_altar_3
D:5:      kennysheep_mini_moat, minitemple, basic_altar, xom_teletrap_fun,
          uniq_ijyb
Temple:   dshaligram_water_room_temple

Skill      XL: |  1  2  3  4  5  6 |
---------------+-------------------+-----
Fighting       | 4 5 6 |  6.6
Armour         | 4 5 6 |  6.8
Short Blades   | 3 4 5 |  5.5
Shields        | |  3.6

Action                   |  1- 3 |  4- 6 |  7- 9 || total
-------------------------+-------+-------+-------++-------
Melee: Rapier            |    63 |   139 |    52 ||   254
       Headbutt          |    10 |    25 |    13 ||    48
  Use: Scroll            |       |     4 |     2 ||     6
 Stab: Paralysed         |       |       |     1 ||     1
  Eat: Chunk             |     1 |     4 |     4 ||     9
       Fruit             |       |     1 |       ||     1
Armor: Scale mail        |    26 |    44 |    18 ||    88
Dodge: Dodged            |    16 |    27 |    28 ||    71
Block: Shield            |    33 |    65 |    22 ||   120
